 Dungeon Crawl Stone Soup version 0.30-b1-2-g02819fbbbe (webtiles) character file.

Game seed: 4461449379127644272

8070 ak47sunrisetnf the Cleaver (level 11, -2/95 HPs)
             Began as a Pale Draconian Fighter on May 16, 2023.
             Was an Initiate of Gozag.
             Slain by a sun demon (11 damage)
             ... summoned by an orc high priest
             ... on level 1 of the Orcish Mines.
             The game lasted 00:36:14 (9441 turns).

ak47sunrisetnf the Cleaver (Pale Draconian Fighter) Turns: 9441, Time: 00:36:17

Health: -2/95      AC: 13    Str: 22    XL:     11   Next: 5%
Magic:  11/11      EV: 17    Int:  8    God:    Gozag
Gold:   1422       SH:  0    Dex: 21    Spells: 10/10 levels left

rFire   . . .        K - +5 hand axe of Temperance {freeze, Dex+3}
rCold   . . .        (no shield)
rNeg    . . .        (body armour unavailable)
rPois   .            (helmet restricted)
rElec   .            k - +0 cloak
rCorr   +            e - +2 pair of gloves
SInv    .            H - +1 pair of boots of Recklessness {rCorr}
Will    .....        (no amulet)
Stlth   ++           j - ring of flight
HPRegen 0.35/turn    z - +6 ring of dexterity
MPRegen 0.12/turn

%: no passive effects
@: mighty, flying
A: breathe steam, AC +7, unfitting armour, cold-blooded, steam resistance
a: Breathe Steam, Renounce Religion, Potion Petition, Call Merchant, Bribe
Branch


You were on level 1 of the Orcish Mines.
You worshipped Gozag.
Gozag was most pleased with you.
You visited 3 branches of the dungeon, and saw 11 of its levels.

You collected 1906 gold pieces.
You spent 376 gold pieces at shops.
You paid 108 gold pieces to Gozag.

Inventory:

Hand Weapons
 a - a +1 war axe of venom
 y - a +4 arbalest of draining
 K - the +5 hand axe of Temperance (weapon) {freeze, Dex+3}
   (You took it off a gnoll bouda on level 8 of the Dungeon)

   Dex:       It affects your dexterity (+3).
Missiles
 d - a throwing net
Armour
 b - a +1 buckler
 e - a +2 pair of gloves (worn)
 k - a +0 cloak (worn)
 H - the +1 pair of boots of Recklessness (worn) {rCorr}
   (You found it on level 7 of the Dungeon)

   rCorr:     It protects you from acid and corrosion.
Jewellery
 j - a ring of flight (left hand)
 l - a +6 ring of intelligence
 n - an amulet of magic regeneration
 q - a ring of ice
 z - a +6 ring of dexterity (right hand)
Wands
 r - a wand of quicksilver (9)
 x - a wand of polymorph (8)
 B - a wand of iceblast (11)
 I - a wand of paralysis (7)
Scrolls
 f - 2 scrolls of fog
 g - 3 scrolls of vulnerability
 p - 5 scrolls of teleportation
 v - 4 scrolls of magic mapping
Potions
 c - a potion of might
 h - 3 potions of attraction
 i - 4 potions of curing
 o - 3 potions of brilliance
 s - a potion of degeneration
 w - 3 potions of mutation
 D - 3 potions of cancellation
 F - 3 potions of flight


   Skills:
 + Level 8.7 Fighting
 + Level 12.5 Axes
 + Level 7.1 Dodging
 + Level 6.7 Shields
 + Level 0.5 Evocations


You had 10 spell levels left.
You didn't know any spells.
Your spell library contained the following spells:

 Spells                   Type           Power      Damage    Failure   Level
 Ensorcelled Hibernation  Hex/Ice        0%         N/A       54%         2
 Passwall                 Tmut/Erth      0%         N/A       54%         2
 Poisonous Vapours        Pois/Air       0%         N/A       54%         2
 Mephitic Cloud           Conj/Pois/Air  0%         N/A       78%         3
 Swiftness                Air            0%         N/A       78%         3
 Cause Fear               Hex            0%         N/A       99%         4
 Freezing Cloud           Conj/Ice/Air   0%         6-21      100%        5
 Dragon Form              Tmut           0%         N/A       100%        7
 Dragon's Call            Summ           0%         N/A       100%        9


Dungeon Overview and Level Annotations

Branches:
Dungeon (9/15)             Temple (1/1) D:6             Orc (1/2) D:9
   Lair: D:8-11

Altars:
Ashenzari
Cheibriados
Dithmenos
Elyvilon
Fedhas
Gozag
Hepliaklqana
Kikubaaqudgha
Makhleb
Okawaru
Qazlal
Ru
Sif Muna
Trog
Uskayaw
Vehumet
Wu Jian
Xom
Yredelemnul
Zin
The Shining One

Shops:
Orc:1 (


Innate Abilities, Weirdness & Mutations

You can breathe blasts of scalding, opaque steam.
Your pale cyan-grey scales are hard. (AC +7)
You cannot fit into any form of body armour.
You are cold-blooded and may be slowed by cold attacks.
You are immune to the effects of steam.


Message History

You hit the ice devil but do no damage.
The ice devil is moderately wounded.
The ice devil barely misses you.
The orc high priest mumbles some strange prayers to Beogh against you.
Beogh smites you!
You barely miss the ice devil.
The ice devil is moderately wounded.
You barely miss the warg. The warg closely misses you.
You slash the ice devil!
The ice devil is heavily wounded.
You barely miss the warg. The ice devil hits you. The ice devil freezes you!!
The warg misses you.
You feel better. The warg barely misses you. The ice devil hits you.
The ice devil freezes you!
You feel very mighty all of a sudden. The warg barely misses you.
The ice devil closely misses you.
You completely miss the ice devil. Your punch misses the ice devil.
The ice devil is heavily wounded.
You barely miss the warg.
You have got your breath back.
The warg completely misses you. The ice devil hits you!
* * * LOW HITPOINT WARNING * * *
The ice devil freezes you!!
* * * LOW HITPOINT WARNING * * *
You feel much better.
The warg is distracted by your dazzling golden aura.
The ice devil hits you.
* * * LOW HITPOINT WARNING * * *
The ice devil freezes you!
* * * LOW HITPOINT WARNING * * *
The orc is distracted by your dazzling golden aura.
You feel better. The ice devil misses you.
The sun demon attacks as you move away! The sun demon misses you.
The hellwing swoops through the air toward you!
The hellwing closely misses you. The hellwing hits you.
* * * LOW HITPOINT WARNING * * *
The ice devil hits you but does no damage.
The sun demon hits you!
You die...
Your body crumbles into a pile of gold.

...###....#....#
#..#.....))...#
#........)<#)## $
####..##...####
##.....o##...# $
$ #.......o.#.##
##........h##
#......o.#3##
##......#4@.###
##....#...4..#
##..#...########
#.#....#.....(#
##.....∩.(..(.#
####....#.(...(#
##.#.....########
##.....#.......#
#......#.......#


You could see an orc high priest (drained), a sun demon (summoned), a hellwing
(summoned), an ice devil (summoned) and a warg (wandering, drained).

Vanquished Creatures
  An orc high priest (Orc:1)
  Pikel (D:8)
  Joseph (D:7)
  The ghost of dakkaduck the Cleaver, a novice MiBe of Trog (D:4)
  Maggie (D:7)
  2 trolls
  A hornet (D:9)
  Grinder (D:5)
  A wyvern (D:8)
  Sigmund (D:4)
  A shadow (D:9)
  3 yaks (D:7)
  2 steam dragons
  An acid dragon (D:9)
  2 water moccasins
  2 orc warriors
  2 black bears
  2 ice beasts
  2 ogres
  2 centaurs (D:7)
  3 phantoms
  A lemure (D:8)
  A kobold brigand (D:9)
  4 scorpions
  5 bullfrogs
  15 wights
  11 killer bees (D:9)
  A troll zombie (D:9)
  A crimson imp (D:3)
  2 quasits (D:4)
  2 gnoll boudas
  5 orc priests
  A hound (D:4)
  An iguana (D:5)
  4 orc wizards
  7 ogre zombies (D:9)
  Robin (D:3)
  10 gnolls
  10 adders
  A shadow imp (D:5)
  4 white imps
  An ufetubus (D:5)
  4 worms
  A dart slug (D:4)
  16 orcs
  5 endoplasms
  3 giant cockroaches
  13 goblins
  9 hobgoblins
  9 jackals
  A quokka (D:2)
  3 training dummies (Orc:1)
  2 ball pythons (D:3)
  5 bats
  3 frilled lizards
  2 goblin skeletons (D:3)
  6 goblin zombies
  A hobgoblin skeleton (D:9)
  5 hobgoblin zombies
  16 kobolds
  2 kobold skeletons (D:3)
  2 kobold zombies (D:3)
  3 orc skeletons (D:9)
  17 orc zombies
  3 rats
252 creatures vanquished.

Vanquished Creatures (others)
  A hobgoblin (D:3)
  15 plants (D:6)
16 creatures vanquished.

Grand Total: 268 creatures vanquished

Notes
Turn   | Place    | Note
-------+----------+-------------------------------------------
     0 | D:1      | ak47sunrisetnf the Draconian Fighter began the quest for
                  | the Orb.
     0 | D:1      | Reached XP level 1. HP: 19/19 MP: 1/1
   165 | D:1      | Reached XP level 2. HP: 24/26 MP: 2/2
   270 | D:1      | Found a faded altar of an unknown god.
   858 | D:2      | Reached XP level 3. HP: 33/33 MP: 3/3
  1609 | D:3      | Reached skill level 3 in Axes
  1650 | D:3      | Found a hazy altar of Hepliaklqana.
  1651 | D:3      | Found a shimmering altar of Xom.
  1652 | D:3      | Noticed a spectral ugly thing
  1670 | D:3      | Reached XP level 4. HP: 38/40 MP: 4/4
  1685 | D:3      | Found a radiant altar of Vehumet.
  1758 | D:3      | Noticed Robin
  1776 | D:3      | Killed Robin
  1837 | D:3      | Found a glowing golden altar of the Shining One.
  1841 | D:3      | Reached skill level 4 in Axes
  1854 | D:3      | Became a worshipper of the Shining One
  1856 | D:3      | Reached XP level 5. HP: 45/46 MP: 5/5
  2570 | D:4      | Noticed Sigmund
  2576 | D:4      | Killed Sigmund
  2577 | D:4      | Reached skill level 5 in Axes
  2577 | D:4      | Reached XP level 6. HP: 46/53 MP: 6/6
  2581 | D:4      | Identified the +2 helmet of Ru's Reproof {Str+3}
  2633 | D:4      | Found a transporter.
  2664 | D:4      | Found a transporter.
  2667 | D:4      | Noticed dakkaduck's ghost (novice MiBe)
  2667 | D:4      | Reached * piety under the Shining One
  2680 | D:4      | Killed dakkaduck's ghost
  2681 | D:4      | Reached skill level 6 in Axes
  2681 | D:4      | Your scales start taking on a pale cyan-grey colour.
  2681 | D:4      | Reached XP level 7. HP: 23/60 MP: 7/7
  2681 | D:4      | Gained mutation: You are immune to the effects of steam.
                  | [Pale Draconian growth]
  2976 | D:4      | Reached skill level 7 in Axes
  3154 | D:5      | Entered Level 5 of the Dungeon
  3272 | D:5      | Reached skill level 5 in Fighting
  3272 | D:5      | Reached XP level 8. HP: 62/68 MP: 8/8
  3335 | D:5      | Noticed Grinder
  3357 | D:5      | Killed Grinder
  3568 | D:5      | Reached skill level 8 in Axes
  4380 | D:6      | Found a staircase to the Ecumenical Temple.
  4389 | Temple   | Entered the Ecumenical Temple
  4679 | Temple   | Fell from the grace of the Shining One
  4679 | Temple   | Became a worshipper of Gozag Ym Sagoz the Greedy
  4743 | D:6      | Found a burning altar of Makhleb.
  4793 | D:6      | Reached skill level 5 in Dodging
  4812 | D:6      | Reached skill level 9 in Axes
  5143 | D:6      | Reached XP level 9. HP: 58/75 MP: 9/9
  5873 | D:7      | Reached skill level 10 in Axes
  5883 | D:7      | Reached skill level 5 in Shields
  5958 | D:7      | Identified the +1 pair of boots of Recklessness {rCorr}
  5992 | D:7      | Found a bloodstained altar of Trog.
  5999 | D:7      | Noticed Joseph
  6011 | D:7      | Killed Joseph
  6235 | D:7      | Found a glowing silver altar of Zin.
  6235 | D:7      | Noticed an angel
  6430 | D:7      | Noticed Maggie
  6439 | D:7      | Killed Maggie
  6586 | D:8      | Reached skill level 11 in Axes
  6590 | D:8      | Noticed Pikel
  6617 | D:8      | Killed Pikel
  6618 | D:8      | Reached XP level 10. HP: 60/86 MP: 10/10
  7133 | D:8      | Found a flagged portal.
  7197 | D:8      | Identified the +5 hand axe of Temperance {freeze, Dex+3}
  7648 | D:8      | Identified a scroll of acquirement
  7648 | D:8      | Acquired 475 gold pieces
  8565 | D:9      | Found a staircase to the Orcish Mines.
  8581 | D:9      | Reached skill level 12 in Axes
  8783 | D:9      | Found a hide-covered altar of Uskayaw.
  9271 | Orc:1    | Entered Level 1 of the Orcish Mines
  9271 | Orc:1    | Noticed an orc high priest
  9276 | Orc:1    | Killed an orc high priest
  9279 | Orc:1    | Reached XP level 11. HP: 86/95 MP: 11/11
  9342 | Orc:1    | Found Ranoleb's Firing Range.
  9347 | Orc:1    | Bought a +3 arbalest of freezing for 376 gold pieces
  9420 | Orc:1    | Noticed an orc high priest
  9422 | Orc:1    | Noticed a sun demon
  9438 | Orc:1    | HP: 3/95 [ice devil[an orc high priest] (21)]
  9441 | Orc:1    | Slain by a sun demon

Illustrated notes

Levels and vault maps discovered:
D:1:      dpeg_arrival_morbid_curiosity, layout_basic,
          hellmonk_ecumenical_altar_run_dry
D:2:      minmay_inner_zag, layout_loops_ring, minivault_24
D:3:      layout_basic, regret_index_temple_of_mockery,
          nicolae_tso_besieged_by_evil, old_standard_altar,
          grunt_decor_mini_mirrors, uniq_robin
D:4:      layout_basic, gammafunk_ghost_stat_death, hex_medium, hex_tiny,
          uniq_sigmund
D:5:      layout_loops_ring, kennysheep_generic_room_3, uniq_grinder
D:6:      layout_layer_cave, mainiacjoe_overflow_boulevard,
          minmay_temple_entry_grid, dk_vineyard_3, hangedman_decor_growths,
          mrwooster_statue_mirror, serial_bayou_lake_a
D:7:      layout_gridville, zin_angel, mainiacjoe_overflow_24_doors,
          uniq_joseph, uniq_maggie
D:8:      layout_basic, enter_bailey_2, hangedman_abyss_or_decor_clamps,
          uniq_pikel
D:9:      layout_roguey, kennysheep_little_box, zombieorc2_lemuel
Temple:   compressed_dpeg_triangle_lava_temple
Orc:1:    layout_diamond_mine, nicolae_orc_stony_grotto,
          nicolae_shop_firing_range

Skill      XL: |  1  2  3  4  5  6  7  8  9 10 |
---------------+-------------------------------+-----
Dodging        | 3 4 5 6 7 |  7.1
Axes           | 3 4 5 6 7 9 11 12 | 12.5
Fighting       | 4 5 7 8 |  8.7
Shields        | 4 5 6 |  6.7
Evocations     | |  0.5

Action                     |  1- 3 |  4- 6 |  7- 9 | 10-12 || total
---------------------------+-------+-------+-------+-------++-------
  Melee: War axe           |   115 |   107 |   150 |    73 ||   445
         Tailslap          |     9 |     7 |    25 |    43 ||    84
         Hand axe          |       |       |       |   188 ||   188
   Fire: Arbalest          |       |       |       |     6 ||     6
Ability: Breathe Steam     |       |       |    17 |     6 ||    23
  Evoke: Wand              |       |       |     2 |       ||     2
    Use: Potion            |       |     1 |       |     6 ||     7
         Scroll            |       |       |     1 |    21 ||    22
   Stab: Sleeping          |       |       |     2 |       ||     2
         Distracted        |       |       |     1 |     3 ||     4
 Armour: Skin              |    52 |    76 |    50 |    44 ||   222
  Dodge: Dodged            |   100 |    84 |   104 |   142 ||   430
  Block: Buckler           |    33 |    31 |    50 |    86 ||   200
